 Dungeon Crawl Stone Soup version 0.19-a0-330-g034cfd4 (webtiles) character file.

406 Marenglen the Chucker (level 6, -2/54 HPs)
             Began as a Troll Arcane Marksman on May 28, 2016.
             Slain by a water moccasin (8 damage)
             ... on level 5 of the Dungeon.
             The game lasted 00:09:05 (4152 turns).

Marenglen the Chucker (Troll Arcane Marksman)       Turns: 4152, Time: 00:09:06

Health: -2/54      AC:  3    Str: 20    XL:     6   Next: 56%
Magic:  6/6        EV: 18    Int:  9    God:
Gold:   200        SH:  0    Dex: 16    Spells: 2 memorised, 4 levels left

rFire  + . .     SeeInvis .     a - +2 mace (holy)
rCold  . . .     Gourm    +     (armour restricted)
rNeg   . . .     Faith    .     (no shield)
rPois  .         Spirit   .     (helmet restricted)
rElec  .         Dismiss  .     (no cloak)
rCorr  .         Reflect  .     (gloves unavailable)
SustAt .         Harm     .     (boots unavailable)
MR     .....                    u - amulet of rage
Stlth  ++........               w - +3 ring of evasion
                                g - ring of protection from fire

@: agile, lethally poisoned (-2 -> -26), not resistant to hostile enchantments,
unstealthy
A: unfitting armour, claws 3, fast metabolism 3, gourmand, regeneration 2,
shaggy fur 1, tough skin 2
a: Evoke Berserk Rage


You were on level 5 of the Dungeon.
You were full.

You visited 1 branch of the dungeon, and saw 5 of its levels.

You collected 200 gold pieces.

Inventory:

Hand Weapons
 a - a +2 mace of holy wrath (weapon)
Missiles
 c - 2 large rocks (quivered)
Jewellery
 g - a ring of protection from fire (left claw)
 u - an amulet of rage (around neck)
 w - a +3 ring of evasion (right claw)
Scrolls
 i - 4 scrolls of amnesia
 k - 2 scrolls of teleportation
 l - a scroll of remove curse
Potions
 b - a potion of lignification {unknown}
 p - a potion of cancellation
 r - a potion of flight
 t - a potion of magic {unknown}
Comestibles
 f - 4 bread rations
 m - 2 meat rations
 q - a beef jerky


   Skills:
 - Level 0.7 Fighting
 + Level 3.7 Maces & Flails
 + Level 4.3 Throwing
 - Level 1.5 Dodging
 - Level 2.0 Unarmed Combat
 - Level 1.0 Spellcasting
 - Level 2.2 Hexes


You had 4 spell levels left.
You knew the following spells:

 Your Spells              Type           Power        Failure   Level  Hunger
a - Corona                Hex            #......      14%         1    ##.....
b - Slow                  Hex            #.......     21%         2    ###....


Dungeon Overview and Level Annotations

Branches:
Dungeon (5/15)
 Temple: D:4-7

Altars:
Gozag
Okawaru


Innate Abilities, Weirdness & Mutations

You are too large for most types of armour.
You have claws for hands.
Your metabolism is lightning-fast.
You like to eat raw meat.
You heal very quickly.
You are covered in fur. (AC +1)
You have very tough skin. (AC +2)


Message History

You feel sick. The water moccasin closely misses you. The orc misses you.
The orc hits you from afar with a trident.
The water moccasin bites you.
You are more poisoned.
The water moccasin poisons you! The orc hits you but does no damage.
You hit the water moccasin but do no damage.
The water moccasin is almost dead.
You feel sick. The water moccasin bites you.
* * * LOW HITPOINT WARNING * * *
You are lethally poisoned!
The water moccasin poisons you! The orc closely misses you.
The orc hits you with a short sword.
* * * LOW HITPOINT WARNING * * *
The water moccasin misses you.
You miss the water moccasin.
The water moccasin is almost dead.
* * * LOW HITPOINT WARNING * * *
You feel very sick. The water moccasin bites you!
You die...

#J.. ..... .......
#.). ..... .........
#..{ ......
......... #..h
....[. #......# #...
......##%.....##
+...
............)..#
#$..
...............#
#... .......@o.....#
###..#
#...$###S.....# ..#
####+####o######....
.......J.<........
............≈.....
....$.............
#..#..#.Y...##...#
## ####.....# ..#
#.h...... ..


You could see a water moccasin, an ooze and 2 orcs.

Vanquished Creatures
  A giant frog (D:3)
  A howler monkey (D:5)
  An orc priest (D:4)
  Natasha (twice) (D:4)
  An iguana (D:4)
  2 worker ants
  6 adders
  An ooze (D:3)
  An adder zombie (D:4)
  A worm (D:4)
  3 dart slugs
  4 giant geckos
  7 bats
  6 giant cockroaches
  6 goblins
  6 hobgoblins
  8 jackals
  6 kobolds
  3 ball pythons
  A ball python skeleton (D:4)
  A giant gecko skeleton (D:4)
  4 giant newts
  2 quokka skeletons
  12 rats
86 creatures vanquished.

Notes
Turn   | Place    | Note
--------------------------------------------------------------
     0 | D:1      | Marenglen the Troll Arcane Marksman began the quest for the Orb.
     0 | D:1      | Reached XP level 1. HP: 18/18 MP: 1/1
   221 | D:1      | Reached skill level 1 in Unarmed Combat
   221 | D:1      | Reached XP level 2. HP: 15/26 MP: 2/2
   675 | D:1      | Learned a level 2 spell: Slow
  1048 | D:2      | Found a faded altar to an unknown god.
  1069 | D:2      | Reached XP level 3. HP: 26/32 MP: 3/3
  1273 | D:2      | Reached skill level 1 in Maces & Flails
  1273 | D:2      | Reached skill level 2 in Throwing
  1630 | D:2      | Found an opulent altar of Gozag.
  1797 | D:2      | Reached XP level 4. HP: 40/40 MP: 4/4
  2424 | D:3      | Noticed a giant frog
  2428 | D:3      | Killed a giant frog
  2428 | D:3      | Reached skill level 3 in Throwing
  2428 | D:3      | Reached XP level 5. HP: 38/46 MP: 5/5
  3227 | D:4      | Noticed Natasha
  3233 | D:4      | Killed Natasha
  3360 | D:4      | Reached XP level 6. HP: 29/54 MP: 6/6
  3605 | D:4      | Noticed Natasha
  3609 | D:4      | Killed Natasha
  3609 | D:4      | Reached skill level 4 in Throwing
  4023 | D:4      | Found an iron altar of Okawaru.
  4040 | D:5      | Entered Level 5 of the Dungeon
  4040 | D:5      | Noticed a sky beast
  4134 | D:5      | Noticed a water moccasin
  4152 | D:5      | Slain by a water moccasin

Vault maps used:
D:1:      dpeg_arrival_boxorama
D:2:      nicolae_gozag_seed_capital, ecumenical_altar_2
D:4:      kennysheep_okawaru_gauntlet, first_bread, uniq_natasha
D:5:      serial_shops, shop

Skill      XL: |  1  2  3  4  5  6 |
---------------+-------------------+-----
Unarmed Combat | 1 2 |  2.0
Maces & Flails | 1 2 3 |  3.7
Throwing       | 2 3 4 |  4.3
Fighting       | |  0.7
Dodging        | |  1.5
Spellcasting   | |  1.0
Hexes          | |  2.2

Action                   |  1- 3 |  4- 6 || total
-------------------------+-------+-------++-------
Melee: Unarmed           |   121 |   108 ||   229
       Punch             |     2 |     1 ||     3
       Mace              |       |    59 ||    59
Throw: Large rock        |     6 |     6 ||    12
       Throwing net      |     2 |     2 ||     4
 Cast: Corona            |     2 |     6 ||     8
  Use: Scroll            |     6 |     8 ||    14
       Potion            |     1 |     4 ||     5
 Stab: Sleeping          |     1 |     3 ||     4
  Eat: Chunk             |    22 |    18 ||    40
Armor: Skin              |    22 |    41 ||    63
Dodge: Dodged            |    65 |   154 ||   219
